 Dungeon Crawl Stone Soup version 0.27.1-33-g824d729ab1 (webtiles) character file.

Game seed: 3466361543691115230

5533 zer0cool93 the Cleaver (level 10, -5/88 HPs)
             Began as a Minotaur Fighter on Nov 25, 2021.
             Was a High Priest of Okawaru.
             Slain by Erolcha (13 damage)
             ... on level 9 of the Dungeon.
             The game lasted 00:37:39 (8868 turns).

zer0cool93 the Cleaver (Minotaur Fighter)           Turns: 8868, Time: 00:37:40

Health: -5/88      AC: 13    Str: 21    XL:     10   Next: 43%
Magic:  9/9        EV:  9    Int: 17    God:    Okawaru [*****.]
Gold:   117        SH: 11    Dex: 11    Spells: 9/9 levels left

rFire    . . .     SeeInvis .   a - +3 war axe (spect)
rCold    . . .     Faith    .   c - +0 kite shield
rNeg     . . .     Spirit   .   b - +0 scale mail
rPois    .         Reflect  .   (helmet restricted)
rElec    .         Harm     .   (no cloak)
rCorr    .         Rampage  .   f - +0 pair of gloves
Will     .....                  B - +2 pair of boots {Fly}
Stlth    ..........             n - amulet of regeneration
HPRegen  1.24/turn              e - +6 ring of intelligence
MPRegen  0.11/turn              C - +6 ring of intelligence

@: flying
A: horns 2, retaliatory headbutt, weak 1
a: Renounce Religion, Heroism, Finesse


You were on level 9 of the Dungeon.
You worshipped Okawaru.
Okawaru was extremely pleased with you.
You visited 2 branches of the dungeon, and saw 10 of its levels.

You collected 375 gold pieces.
You spent 258 gold pieces at shops.

Inventory:

Hand Weapons
 a - a +3 spectral war axe (weapon)
 j - a +2 trident of pain
 x - the +5 long sword of the Warrior {flame, rPois rF- Str+5 SInv}
   (You found it on level 6 of the Dungeon)

   It burns those it strikes, dealing additional fire damage.
   Big, fiery blades are also staple armaments of hydra-hunters.
   Str:       It affects your strength (+5).
   rF:        It makes you vulnerable to fire.
   rPois:     It protects you from poison.
   SInv:      It lets you see invisible.
 F - a +2 hand axe of flaming
Missiles
 g - 2 throwing nets (quivered)
Armour
 b - a +0 scale mail (worn)
 c - a +0 kite shield (worn)
 f - a +0 pair of gloves (worn)
 m - a +1 leather armour of poison resistance
 s - the +0 kite shield of Edot {-Cast Rampage rN+}
   (You found it on level 5 of the Dungeon)

   rN:        It protects you from negative energy.
   -Cast:     It prevents spellcasting.
   Rampage:   It bestows one free step when moving towards enemies.
 B - a +2 pair of boots of flying (worn)
 L - a +0 pair of boots of stealth
Jewellery
 e - a +6 ring of intelligence (left hand)
 n - an amulet of regeneration (around neck)
 C - a +6 ring of intelligence (right hand)
 J - a ring of ice
Wands
 i - a wand of flame (45)
 y - a wand of polymorph (10)
 M - a wand of mindburst (23)
 N - a wand of iceblast (7)
Scrolls
 h - 7 scrolls of teleportation
 l - a scroll of summoning
 o - a scroll of magic mapping
 p - a scroll of amnesia
 q - a scroll of acquirement {unknown}
 r - 2 scrolls of blinking {unknown}
 z - 3 scrolls of vulnerability
 D - 4 scrolls of enchant armour
 E - a scroll of fog
 I - a scroll of identify
 K - a scroll of brand weapon
Potions
 d - 2 potions of might
 k - a potion of lignification
 t - 2 potions of heal wounds
 u - 3 potions of brilliance {unknown}
 v - a potion of haste
 w - a potion of cancellation
 A - 3 potions of curing
 G - a potion of flight {unknown}
 H - a potion of ambrosia {unknown}


   Skills:
 + Level 8.0 Fighting
 + Level 11.5 Axes
 + Level 9.5 Armour
 + Level 2.7 Dodging
 - Level 0.6 Stealth
 * Level 9.5 Shields


You had 9 spell levels left.
You didn't know any spells.
Your spell library contained the following spells:

 Spells                   Type           Power      Damage    Failure   Level
 Sandblast                Erth           0%         2d4       73%         1
 Summon Small Mammal      Summ           0%         N/A       73%         1
 Static Discharge         Conj/Air       0%         N/A       86%         2
 Ozocubu's Armour         Ice            0%         N/A       97%         3
 Summon Guardian Golem    Hex/Summ       0%         N/A       97%         3
 Dispel Undead            Necr           0%         3d6       100%        4
 Petrify                  Tmut/Erth      0%         N/A       100%        4
 Sticky Flame             Conj/Fire      0%         2d3       100%        4
 Metabolic Englaciation   Hex/Ice        0%         N/A       100%        5
 Simulacrum               Ice/Necr       0%         N/A       100%        6
 Malign Gateway           Summ/Tloc      0%         N/A       100%        7


Dungeon Overview and Level Annotations

Branches:
Dungeon (9/15)             Temple (1/1) D:7
   Lair: D:8-11         Orc: D:9-12

Altars:
Ashenzari
Cheibriados
Dithmenos
Elyvilon
Fedhas
Gozag
Hepliaklqana
Kikubaaqudgha
Makhleb
Nemelex Xobeh
Okawaru
Qazlal
Ru
Sif Muna
Trog
Uskayaw
Vehumet
Wu Jian
Xom
Yredelemnul
Zin
The Shining One

Shops:
D:6 [   D:8 [   D:9 *?

Annotations:
D:9 Erolcha


Innate Abilities, Weirdness & Mutations

You have a pair of horns on your head.
You reflexively headbutt those who attack you in melee.
You are weak. (Str -2)


Message History

Erolcha casts a spell.
Erolcha flickers and vanishes!
Deactivating autopickup; reactivate with Ctrl-A.
Something hits you but does no damage.
You miss something.
Your +3 spectral war axe barely misses something.
Something hits you!!
You hit something. Your headbutt misses something.
Your +3 spectral war axe hits something!
Something hits you!!
You slash something!
Your +3 spectral war axe hits something!
Something hits you.
You hit something but do no damage.
Your +3 spectral war axe hits something.
You hear some strange, mumbled words.
You swap places.
You start resting.
Something hits you but does no damage.
You start resting.
Something hits you! Something hits you!
* * * LOW HITPOINT WARNING * * *
You hear some strange, mumbled words.
A fireball appears from out of thin air!
The fireball explodes!
The fireball engulfs you.
Things that are here:
+0 steam dragon scales; a yak corpse; a steam dragon corpse You hear some strange, mumbled words.
A fireball appears from out of thin air!
The fireball explodes!
The fireball engulfs you!!
* * * LOW HITPOINT WARNING * * *
Things that are here:
a yak corpse; a yak corpse Erolcha appears from thin air!
Reactivating autopickup.
Things that are here:
+0 steam dragon scales; a yak corpse; a steam dragon corpse You hit Erolcha.
You headbutt Erolcha.
Erolcha is almost dead.
Erolcha hits you with a +0 giant spiked club!
You die...

########...#§...§#........
#...#§§§§§#........
#...#######........
#......)...........
#........#######.##
#........# .# ##.####### #
#O# .## #@# ...
######†################
........................
#######.################
#.# #.# #.# #.# #.#


You could see Erolcha.

Vanquished Creatures
  A two-headed ogre (D:9)
  A wraith (D:9)
  Eustachio (D:6)
  10 yaks
  3 steam dragons
  Duvessa (D:5)
  An ice beast (D:8)
  2 orc warriors (D:8)
  A black bear (D:4)
  A sky beast (D:7)
  2 necrophages (D:7)
  An ogre (D:6)
  4 centaurs
  Blork the orc (D:4)
  5 bullfrogs
  3 scorpions
  Dowan (D:5)
  6 wights
  2 centaur zombies
  A gnoll shaman (D:6)
  4 orc priests
  Terence (D:3)
  Natasha (thrice) (D:3)
  3 iguanas
  3 orc wizards
  A hound skeleton (D:5)
  A howler monkey zombie (D:8)
  12 gnolls
  7 adders
  A white imp (D:7)
  An adder zombie (D:5)
  2 worms
  5 dart slugs
  23 orcs
  3 endoplasms
  7 giant cockroaches
  3 goblins
  11 hobgoblins
  3 jackals (D:3)
  A quokka (D:1)
  6 ball pythons
  A bat (D:1)
  5 frilled lizards
  3 kobolds
  2 rats
  A butterfly (D:7)
161 creatures vanquished.

Notes
Turn   | Place    | Note
-------+----------+-------------------------------------------
     0 | D:1      | zer0cool93 the Minotaur Fighter began the quest for the
                  | Orb.
     0 | D:1      | Reached XP level 1. HP: 19/19 MP: 0/0
   160 | D:1      | Reached XP level 2. HP: 24/27 MP: 1/1
   497 | D:1      | Found a faded altar of an unknown god.
   505 | D:1      | Became a worshipper of Warmaster Okawaru
   505 | D:1      | Reached * piety under Okawaru
   527 | D:1      | Reached skill level 3 in Axes
   648 | D:1      | Reached XP level 3. HP: 33/33 MP: 2/2
   846 | D:2      | Reached XP level 4. HP: 34/40 MP: 3/3
  1559 | D:2      | Reached skill level 4 in Axes
  1846 | D:3      | Reached XP level 5. HP: 44/47 MP: 4/4
  2237 | D:3      | Gained mutation: You are weak. (Str -2) [potion of
                  | mutation]
  2282 | D:3      | Noticed Natasha
  2286 | D:3      | Killed Natasha
  2496 | D:3      | Noticed Terence
  2502 | D:3      | Killed Terence
  2748 | D:3      | Noticed Natasha
  2753 | D:3      | Killed Natasha
  2754 | D:3      | Reached skill level 5 in Axes
  2884 | D:3      | Noticed Natasha
  2889 | D:3      | Killed Natasha
  2890 | D:3      | Reached skill level 1 in Dodging
  3081 | D:4      | Reached skill level 5 in Armour
  3081 | D:4      | Reached XP level 6. HP: 45/53 MP: 5/5
  3246 | D:4      | Noticed Blork the orc
  3252 | D:4      | Killed Blork the orc
  3858 | D:4      | Reached ** piety under Okawaru
  3859 | D:4      | Reached skill level 5 in Shields
  3859 | D:4      | Reached XP level 7. HP: 60/60 MP: 6/6
  4140 | D:5      | Entered Level 5 of the Dungeon
  4219 | D:5      | Noticed a steam dragon
  4413 | D:5      | Reached skill level 6 in Axes
  4447 | D:5      | Reached skill level 5 in Fighting
  4605 | D:5      | Identified the +0 kite shield of Edot {-Cast Rampage rN+}
  4777 | D:5      | Got the Handbook of Calling and Stones
  4856 | D:5      | Killed a steam dragon
  5115 | D:5      | Noticed Duvessa
  5115 | D:5      | Noticed Dowan
  5123 | D:5      | Killed Duvessa
  5124 | D:5      | Reached skill level 7 in Axes
  5126 | D:5      | Killed Dowan
  5127 | D:5      | Reached XP level 8. HP: 68/68 MP: 7/7
  5310 | D:5      | Reached *** piety under Okawaru
  6223 | D:6      | Reached skill level 8 in Axes
  6299 | D:6      | Found a glowing drain.
  6334 | D:6      | Identified the +5 long sword of the Warrior {flame, rPois
                  | rF- Str+5 SInv}
  6340 | D:6      | Noticed Eustachio
  6360 | D:6      | Killed Eustachio
  6401 | D:6      | Found Piqefine's Armour Boutique.
  6931 | D:6      | Bought a +2 pair of boots of flying for 258 gold pieces
  7077 | D:7      | Reached **** piety under Okawaru
  7130 | D:7      | Found a snail-covered altar of Cheibriados.
  7202 | D:7      | Reached XP level 9. HP: 75/75 MP: 8/8
  7425 | D:7      | Found a staircase to the Ecumenical Temple.
  7658 | Temple   | Entered the Ecumenical Temple
  7800 | D:8      | Reached skill level 9 in Axes
  7900 | D:8      | Reached ***** piety under Okawaru
  7902 | D:8      | Reached skill level 10 in Axes
  8225 | D:8      | Found Bydaefak's Armour Shop.
  8550 | D:9      | Reached XP level 10. HP: 86/86 MP: 9/9
  8550 | D:9      | Found Kaeduar's Magic Scroll Shoppe.
  8586 | D:9      | Noticed a two-headed ogre
  8593 | D:9      | Killed a two-headed ogre
  8593 | D:9      | Received a gift from Okawaru
  8741 | D:9      | Reached skill level 11 in Axes
  8807 | D:9      | Found Risor's Changing Room.
  8839 | D:9      | Noticed Erolcha
  8868 | D:9      | Slain by Erolcha

Illustrated notes

Levels and vault maps discovered:
D:1:      tarquinn_simple_flora_water_e, layout_rooms, basic_ecumenical_altar
D:2:      layout_loops_ring
D:3:      layout_loops_ring, uniq_terence, uniq_natasha
D:4:      layout_gridville, minmay_puff, uniq_blork_the_orc
D:5:      layout_layer_cave, serial_co_window_serial, co_window_paths_a,
          co_window_of_opportunity_a, co_window_paths_a, co_window_corner_a,
          co_window_corner_a, co_window_of_opportunity_a, co_window_paths_a,
          co_window_unsneaky_path_b, co_window_paths_c, co_window_corner_b,
          co_window_broadway_c, co_window_unsneaky_path_d, co_window_2corner,
          co_window_4corner_b, glass_columns_a, minmay_misc_feat_room,
          uniq_duvessa
D:6:      layout_loops_ring, gup_sewer_entry_glass, serial_shops,
          kennysheep_mini_moat, uniq_eustachio
D:7:      layout_rooms, cheibrodos_worm_habitat,
          minmay_temple_entry_butterflies, minmay_strange_pillars
D:8:      layout_rooms, serial_shops, nicolae_shop_competitors_out_of_business,
          minmay_misc_feat_columns, interstate_on_off
D:9:      layout_basic, serial_shops, nicolae_stop_n_shop_2,
          nicolae_transmutations_shop, minmay_misc_feat_rows,
          blue_anna_alchemist, uniq_erolcha
Temple:   nicolae_temple_the_god_donut

Skill      XL: |  1  2  3  4  5  6  7  8  9 10 |
---------------+-------------------------------+-----
Fighting       | 4 5 6 7 8 |  8.0
Shields        | 4 5 7 9 |  9.5
Armour         | 4 5 6 8 9 |  9.5
Axes           | 3 4 5 7 8 10 11 | 11.5
Dodging        | 1 2 |  2.7
Stealth        | |  0.6

Action                   |  1- 3 |  4- 6 |  7- 9 | 10-12 || total
-------------------------+-------+-------+-------+-------++-------
Melee: War axe           |    56 |    70 |   157 |    36 ||   319
       Headbutt          |     5 |    13 |    34 |    11 ||    63
Invok: Heroism           |       |       |     1 |       ||     1
  Use: Potion            |     1 |     6 |       |       ||     7
       Scroll            |     1 |     7 |     4 |       ||    12
 Stab: Distracted        |       |     1 |       |     2 ||     3
Armor: Scale mail        |    15 |    17 |    45 |    18 ||    95
       Skin              |       |    10 |       |       ||    10
Dodge: Dodged            |    25 |    16 |    44 |     8 ||    93
Block: Kite shield       |    32 |    33 |    68 |    12 ||   145
